| TOP OF THE 1ST |
|
Winter Haven Sun Sox batting - Pitching for Dunedin Blue Jays : LHP Dennis Powell
|
|
Pitching: LHP Dennis Powell
|
|
|
Batting: LHB Don Carter
|
0-0: Foul Ball, location: 2F 0-1: Ball 1-1: Fly out, F6 (Flyball, 6D, EV 83.1 MPH)
|
|
Batting: RHB Takashi Upshur
|
0-0: Ball 1-0: Foul Ball, location: 2F 1-1: Foul Ball, location: 2F 1-2: Foul Ball, location: 2F 1-2: Ball 2-2: SINGLE (Groundball, 56S, EV 68.8 MPH) (infield hit)
|
|
Batting: RHB Augie Schmidt
|
0-0: Ball 1-0: Called Strike 1-1: Called Strike 1-2: Ball 2-2: Foul Ball, location: 2F 2-2: Ball 3-2: Strikes out swinging
|
|
Batting: RHB Michael Rupp
|
0-0: Swinging Strike 0-1: Ball 1-1: Ball 2-1: Ball 3-1: TRIPLE (Flyball, 89XD, EV 88.8 MPH) Takashi Upshur scores
|
|
Batting: RHB Tim Carroll
|
0-0: Swinging Strike 0-1: Ball 1-1: Ball 2-1: Ball 3-1: Called Strike 3-2: Base on Balls
|
|
Batting: RHB Domingo Ramos
|
0-0: Called Strike 0-1: Ball 1-1: Ball 2-1: DOUBLE (Line Drive, 78D, EV 106.3 MPH) Michael Rupp scores Tim Carroll to third Runner from 3rd tries for Home, SAFE, throw by CF to home
|
|
Batting: RHB Sam Sorce
|
0-0: Ball 1-0: Foul Ball, location: 2F 1-1: Foul Ball, location: 2F 1-2: SINGLE (Groundball, 34D, EV 106.9 MPH) Domingo Ramos to third Runner from 3rd tries for Home, SAFE, throw by RF to home
|
|
Batting: LHB John Heller
|
0-0: Ball 1-0: Foul Ball, location: 2F 1-1: Ball 2-1: Ground out 4-3 (Groundball, 34D, EV 76.9 MPH)
|
| Top of the 1st over - 4 runs, 4 hits, 0 errors, 1 left on base; Winter Haven 4 - Dunedin 0 |
| BOTTOM OF THE 1ST |
|
Dunedin Blue Jays batting - Pitching for Winter Haven Sun Sox : RHP Robert Pfeffer
|
|
Pitching: RHP Robert Pfeffer
|
|
|
Batting: RHB David Hall
|
0-0: Ball 1-0: Called Strike 1-1: Ball 2-1: Fly out, F9 (Line Drive, 9, EV 92.5 MPH)
|
|
Batting: LHB Ray Cosey
|
0-0: Ball 1-0: Swinging Strike 1-1: DOUBLE (Line Drive, 3D, EV 95.6 MPH)
|
|
Batting: RHB Miguel Rodriguez
|
0-0: Ball 1-0: Ball 2-0: Fly out, F6 (Popup, 4MD, EV 49.4 MPH)
|
|
Batting: RHB Dale Berra
|
0-0: Called Strike 0-1: Ball 1-1: Ball 2-1: DOUBLE (Flyball, 8RXD, EV 102.5 MPH) Ray Cosey scores
|
|
Batting: LHB Manny Leal
|
0-0: Foul Ball, location: 2F 0-1: Ground out 6-3 (Groundball, 6, EV 106.9 MPH)
|
| Bottom of the 1st over - 1 run, 2 hits, 0 errors, 1 left on base; Winter Haven 4 - Dunedin 1 |
| TOP OF THE 2ND |
|
Winter Haven Sun Sox batting - Pitching for Dunedin Blue Jays : LHP Dennis Powell
|
|
Batting: SHB Bob Nandin
|
0-0: Called Strike 0-1: Fly out, F7 (Flyball, 7, EV 92.5 MPH)
|
|
Batting: LHB Don Carter
|
0-0: Called Strike 0-1: Ball 1-1: Ball 2-1: Foul Ball, location: 2F 2-2: Foul Ball, location: 2F 2-2: Foul Ball, location: 2F 2-2: Ball 3-2: Foul Ball, location: 2F 3-2: Base on Balls
|
|
Batting: RHB Takashi Upshur
|
0-0: Ball 1-0: Ball Don Carter steals 2nd base (no throw) 2-0: Ball 3-0: Base on Balls
|
|
Batting: RHB Augie Schmidt
|
0-0: Called Strike 0-1: Foul Ball, location: 2F 0-2: Fly out, F8 (Line Drive, 8LM, EV 98.1 MPH)
|
|
Batting: RHB Michael Rupp
|
0-0: Called Strike 0-1: Ball 1-1: Foul Ball, location: 2F 1-2: Foul Ball, location: 2F 1-2: Fielders Choice at 2nd, 6-4 (Groundball, 6, EV 104.4 MPH)
|
| Top of the 2nd over - 0 runs, 0 hits, 0 errors, 2 left on base; Winter Haven 4 - Dunedin 1 |
| BOTTOM OF THE 2ND |
|
Dunedin Blue Jays batting - Pitching for Winter Haven Sun Sox : RHP Robert Pfeffer
|
|
Batting: RHB Dann Bilardello
|
0-0: Called Strike 0-1: Swinging Strike 0-2: Strikes out swinging
|
|
Batting: LHB Michael Pisarkiewicz
|
0-0: Ball 1-0: Foul Ball, location: 2F 1-1: Ball 2-1: Ball 3-1: Base on Balls
|
|
Batting: RHB Scott Richartz
|
0-0: Fly out, F9 (Flyball, 89M, EV 91.3 MPH)
|
|
Batting: RHB Tony Walker
|
0-0: Called Strike 0-1: Ball 1-1: Called Strike 1-2: Ball 2-2: Ball 3-2: Ground out 5-3 (Groundball, 56S, EV 72.5 MPH)
|
| Bottom of the 2nd over - 0 runs, 0 hits, 0 errors, 1 left on base; Winter Haven 4 - Dunedin 1 |
| TOP OF THE 3RD |
|
Winter Haven Sun Sox batting - Pitching for Dunedin Blue Jays : LHP Dennis Powell
|
|
Batting: RHB Tim Carroll
|
0-0: Called Strike 0-1: Called Strike 0-2: Ground out 3-1 (Groundball, 34, EV 92.5 MPH)
|
|
Batting: RHB Domingo Ramos
|
0-0: Ball 1-0: Foul Ball, location: 2F 1-1: Ball 2-1: Ball 3-1: Base on Balls
|
|
Batting: RHB Sam Sorce
|
0-0: Ball 1-0: Ball 2-0: Ball 3-0: Called Strike 3-1: Grounds into double play, 6-4-3 (Groundball, 6, EV 80.6 MPH)
|
| Top of the 3rd over - 0 runs, 0 hits, 0 errors, 0 left on base; Winter Haven 4 - Dunedin 1 |
| BOTTOM OF THE 3RD |
|
Dunedin Blue Jays batting - Pitching for Winter Haven Sun Sox : RHP Robert Pfeffer
|
|
Batting: RHB David Hall
|
0-0: Ball 1-0: Ball 2-0: Foul Ball, location: 2F 2-1: Foul Ball, location: 2F 2-2: Ball 3-2: Ground out 6-3 (Groundball, 6, EV 81.3 MPH)
|
|
Batting: LHB Ray Cosey
|
0-0: Called Strike 0-1: Ball 1-1: Called Strike 1-2: Fly out, F8 (Flyball, 8LD, EV 80.6 MPH)
|
|
Batting: RHB Miguel Rodriguez
|
0-0: Ball 1-0: Ball 2-0: Foul Ball, location: 2F 2-1: Swinging Strike 2-2: Fly out, F9 (Flyball, 9LM, EV 85.0 MPH)
|
| Bottom of the 3rd over - 0 runs, 0 hits, 0 errors, 0 left on base; Winter Haven 4 - Dunedin 1 |
| TOP OF THE 4TH |
|
Winter Haven Sun Sox batting - Pitching for Dunedin Blue Jays : LHP Dennis Powell
|
|
Batting: LHB John Heller
|
0-0: Called Strike 0-1: Ball 1-1: Ground out 1-3 (Groundball, 13S, EV 73.1 MPH)
|
|
Batting: SHB Bob Nandin
|
0-0: Foul Ball, location: 2F 0-1: Ball 1-1: Swinging Strike 1-2: Ball 2-2: Ground out 4-3 (Groundball, 34, EV 98.1 MPH)
|
|
Batting: LHB Don Carter
|
0-0: Called Strike 0-1: Ball 1-1: Foul Ball, location: 2F 1-2: Foul Ball, location: 2F 1-2: Ball 2-2: Ball 3-2: Foul Ball, location: 2F 3-2: Fly out, F4 (Popup, 4D, EV 56.9 MPH)
|
| Top of the 4th over - 0 runs, 0 hits, 0 errors, 0 left on base; Winter Haven 4 - Dunedin 1 |
| BOTTOM OF THE 4TH |
|
Dunedin Blue Jays batting - Pitching for Winter Haven Sun Sox : RHP Robert Pfeffer
|
|
Batting: RHB Dale Berra
|
0-0: Ball 1-0: Foul Ball, location: 2F 1-1: Called Strike 1-2: Fly out, F3 (Line Drive, 3, EV 64.4 MPH)
|
|
Batting: LHB Manny Leal
|
0-0: Ball 1-0: Called Strike 1-1: Ball 2-1: Foul Ball, location: 2F 2-2: Ball 3-2: Strikes out swinging
|
|
Batting: RHB Dann Bilardello
|
0-0: Ball 1-0: Ball 2-0: Ball 3-0: Base on Balls
|
|
Batting: LHB Michael Pisarkiewicz
|
0-0: Called Strike 0-1: Foul Ball, location: 2F 0-2: Strikes out swinging
|
| Bottom of the 4th over - 0 runs, 0 hits, 0 errors, 1 left on base; Winter Haven 4 - Dunedin 1 |
| TOP OF THE 5TH |
|
Winter Haven Sun Sox batting - Pitching for Dunedin Blue Jays : LHP Dennis Powell
|
|
Batting: RHB Takashi Upshur
|
0-0: Foul Ball, location: 2F 0-1: Ball 1-1: Ball 2-1: SINGLE (Groundball, 56, EV 103.1 MPH) (infield hit)
|
|
Batting: RHB Augie Schmidt
|
0-0: Ball 1-0: Called Strike 1-1: Ball 2-1: Foul Ball, location: 2F 2-2: Foul Ball, location: 2F 2-2: Foul Ball, location: 2F 2-2: Foul Ball, location: 2F 2-2: Foul Ball, location: 2F 2-2: Ball 3-2: Foul Ball, location: 2F 3-2: SINGLE (Line Drive, 78S, EV 90.0 MPH) Takashi Upshur to second
|
|
Batting: RHB Michael Rupp
|
0-0: Called Strike 0-1: Ball 1-1: Fly out, F8 (Line Drive, 8LM, EV 93.1 MPH)
|
|
Batting: RHB Tim Carroll
|
0-0: Ball 1-0: Foul Ball, location: 5F, Error on foul ball, E5 1-1: Swinging Strike 1-2: Ball 2-2: Strikes out swinging
|
|
Batting: RHB Domingo Ramos
|
0-0: Called Strike 0-1: Swinging Strike 0-2: Ball 1-2: Ground out 5-3 (Groundball, 56S, EV 81.3 MPH)
|
| Top of the 5th over - 0 runs, 2 hits, 1 error, 2 left on base; Winter Haven 4 - Dunedin 1 |
| BOTTOM OF THE 5TH |
|
Dunedin Blue Jays batting - Pitching for Winter Haven Sun Sox : RHP Robert Pfeffer
|
|
Batting: RHB Scott Richartz
|
0-0: Ball 1-0: Ball 2-0: Ball 3-0: Called Strike 3-1: Ground out 4-3 (Groundball, 4, EV 88.1 MPH)
|
|
Batting: RHB Tony Walker
|
0-0: Foul Ball, location: 2F 0-1: Foul Ball, location: 2F 0-2: Ball 1-2: SINGLE (Groundball, 4MD, EV 99.4 MPH)
|
|
Batting: RHB David Hall
|
0-0: Called Strike Tony Walker steals 2nd base 0-1: Ball 1-1: Called Strike 1-2: Ball 2-2: Foul Ball, location: 2F 2-2: Foul Ball, location: 2F 2-2: Foul Ball, location: 2F 2-2: Ball 3-2: Foul Ball, location: 2F 3-2: Foul Ball, location: 2F 3-2: Base on Balls
|
|
Batting: LHB Ray Cosey
|
0-0: Ball Tony Walker steals 3rd base David Hall to second 1-0: Foul Ball, location: 2F 1-1: Fly out, F7 (Flyball, 7LM, EV 105.0 MPH) Runner from 3rd tags up, SCORES, no throw by LF
|
|
Batting: RHB Miguel Rodriguez
|
0-0: Ball 1-0: Ball 2-0: Ball 3-0: Called Strike 3-1: Fly out, F2 (Popup, 15S, EV 78.8 MPH)
|
| Bottom of the 5th over - 1 run, 1 hit, 0 errors, 1 left on base; Winter Haven 4 - Dunedin 2 |
| TOP OF THE 6TH |
|
Winter Haven Sun Sox batting - Pitching for Dunedin Blue Jays : LHP Dennis Powell
|
|
Batting: RHB Sam Sorce
|
0-0: Fly out, F8 (Line Drive, 8RM, EV 95.6 MPH)
|
|
Batting: LHB John Heller
|
0-0: Fly out, F8 (Flyball, 8RXD, EV 106.9 MPH)
|
|
Batting: SHB Bob Nandin
|
0-0: Foul Ball, location: 2F 0-1: Ball 1-1: Reached on error, E6 (Groundball, 6, EV 81.9 MPH)
|
|
Batting: LHB Don Carter
|
0-0: Ground out 4-3 (Groundball, 34, EV 80.6 MPH)
|
| Top of the 6th over - 0 runs, 0 hits, 1 error, 1 left on base; Winter Haven 4 - Dunedin 2 |
| BOTTOM OF THE 6TH |
|
Dunedin Blue Jays batting - Pitching for Winter Haven Sun Sox : RHP Robert Pfeffer
|
|
Batting: RHB Dale Berra
|
0-0: Ball 1-0: SINGLE (Line Drive, 4MD, EV 94.4 MPH)
|
|
Batting: LHB Manny Leal
|
0-0: Ball 1-0: Ball 2-0: Called Strike 2-1: Ball 3-1: Swinging Strike 3-2: Base on Balls Dale Berra to second
|
|
Batting: RHB Dann Bilardello
|
0-0: Ball 1-0: Fly out, F9 (Line Drive, 9D, EV 86.9 MPH) Runner from 2nd tags up, SAFE at 3rd, no throw by RF
|
|
Batting: LHB Michael Pisarkiewicz
|
0-0: Ball 1-0: Ball 2-0: Called Strike 2-1: Swinging Strike 2-2: Fly out, F7 (Flyball, 7, EV 86.3 MPH) Runner from 3rd tags up, SCORES, no throw by LF
|
|
Batting: RHB Scott Richartz
|
0-0: Ball 1-0: Foul Ball, location: 2F 1-1: Ball 2-1: Swinging Strike 2-2: Strikes out swinging
|
| Bottom of the 6th over - 1 run, 1 hit, 0 errors, 1 left on base; Winter Haven 4 - Dunedin 3 |
| TOP OF THE 7TH |
|
Winter Haven Sun Sox batting - Pitching for Dunedin Blue Jays : LHP Dennis Powell
|
|
Batting: RHB Takashi Upshur
|
0-0: Ball 1-0: Ball 2-0: Foul Ball, location: 2F 2-1: Fly out, F6 (Popup, 6MS, EV 81.3 MPH)
|
|
Batting: RHB Augie Schmidt
|
0-0: Called Strike 0-1: Ball 1-1: Ball 2-1: Foul Ball, location: 2F 2-2: Fly out, F4 (Flyball, 4MD, EV 85.0 MPH)
|
|
Batting: RHB Michael Rupp
|
0-0: Called Strike 0-1: Ground out 4-3 (Groundball, 4M, EV 79.4 MPH)
|
| Top of the 7th over - 0 runs, 0 hits, 0 errors, 0 left on base; Winter Haven 4 - Dunedin 3 |
| BOTTOM OF THE 7TH |
|
Dunedin Blue Jays batting - Pitching for Winter Haven Sun Sox : RHP Robert Pfeffer
|
|
Pitching: RHP Dave Steffen
|
|
|
Batting: RHB Tony Walker
|
0-0: Foul Ball, location: 2F 0-1: Ball 1-1: Foul Ball, location: 2F 1-2: SINGLE (Line Drive, 4MD, EV 96.3 MPH)
|
|
Batting: RHB David Hall
|
0-0: Ball 1-0: Called Strike 1-1: Ball 2-1: Foul Ball, location: 2F 2-2: Ball 3-2: Fly out, F9 (Line Drive, 9, EV 97.5 MPH)
|
|
Batting: LHB Ray Cosey
|
0-0: Ball 1-0: Grounds into double play, 4-6-3 (Groundball, 4, EV 83.8 MPH)
|
| Bottom of the 7th over - 0 runs, 1 hit, 0 errors, 0 left on base; Winter Haven 4 - Dunedin 3 |
| TOP OF THE 8TH |
|
Winter Haven Sun Sox batting - Pitching for Dunedin Blue Jays : LHP Dennis Powell
|
|
Batting: RHB Tim Carroll
|
0-0: Ball 1-0: Ball 2-0: Ground out 4-3 (Groundball, 4, EV 89.4 MPH)
|
|
Batting: RHB Domingo Ramos
|
0-0: Ball 1-0: Ground out 4-3 (Groundball, 4MD, EV 103.1 MPH)
|
|
Batting: RHB Sam Sorce
|
0-0: Ball 1-0: SINGLE (Line Drive, 9LS, EV 103.1 MPH)
|
|
Batting: LHB John Heller
|
0-0: Ball 1-0: Fielders Choice at 2nd, 6-4 (Groundball, 6, EV 82.5 MPH)
|
| Top of the 8th over - 0 runs, 1 hit, 0 errors, 1 left on base; Winter Haven 4 - Dunedin 3 |
| BOTTOM OF THE 8TH |
|
Dunedin Blue Jays batting - Pitching for Winter Haven Sun Sox : RHP Dave Steffen
|
|
Batting: RHB Miguel Rodriguez
|
0-0: Ball 1-0: Foul Ball, location: 2F 1-1: Ball 2-1: Ground out 6-3 (Groundball, 6, EV 111.3 MPH)
|
|
Batting: RHB Dale Berra
|
0-0: Called Strike 0-1: Ball 1-1: Foul Ball, location: 2F 1-2: Ball 2-2: Ground out 4-3 (Groundball, 34, EV 103.8 MPH)
|
|
Batting: LHB Manny Leal
|
0-0: Swinging Strike 0-1: Called Strike 0-2: Foul Ball, location: 2F 0-2: Ball 1-2: Foul Ball, location: 2F 1-2: Foul Ball, location: 2F 1-2: Ball 2-2: Ball 3-2: Base on Balls
|
|
Pitching: RHP Brian Monahan
|
|
|
Batting: RHB Dann Bilardello
|
0-0: Called Strike 0-1: Fly out, F9 (Line Drive, 9, EV 94.4 MPH)
|
| Bottom of the 8th over - 0 runs, 0 hits, 0 errors, 1 left on base; Winter Haven 4 - Dunedin 3 |
| TOP OF THE 9TH |
|
Winter Haven Sun Sox batting - Pitching for Dunedin Blue Jays : LHP Dennis Powell
|
|
Pitching: LHP Carlos A Diaz
|
|
|
Batting: SHB Bob Nandin
|
0-0: Fly out, F9 (Flyball, 89D, EV 85.6 MPH)
|
|
Batting: LHB Don Carter
|
0-0: Ball 1-0: Foul Ball, location: 2F 1-1: Called Strike 1-2: Ball 2-2: Strikes out looking
|
|
Batting: RHB Takashi Upshur
|
0-0: Ball 1-0: Ball 2-0: Swinging Strike 2-1: Ball 3-1: Foul Ball, location: 2F 3-2: Base on Balls
|
|
Batting: RHB Augie Schmidt
|
0-0: Ball 1-0: Ball 2-0: Ball 3-0: Base on Balls Takashi Upshur to second
|
|
Batting: RHB Michael Rupp
|
0-0: Ball 1-0: Swinging Strike 1-1: Fly out, F3 (Popup, 3F, EV 63.1 MPH)
|
| Top of the 9th over - 0 runs, 0 hits, 0 errors, 2 left on base; Winter Haven 4 - Dunedin 3 |
| BOTTOM OF THE 9TH |
|
Dunedin Blue Jays batting - Pitching for Winter Haven Sun Sox : RHP Brian Monahan
|
|
Now at 1B: Charles Melito
|
|
|
Batting: LHB Michael Pisarkiewicz
|
0-0: Ball 1-0: Ball 2-0: Called Strike 2-1: Ball 3-1: Called Strike 3-2: Base on Balls
|
|
Pinch Hitting: LHB Gary Fulton
|
0-0: Foul Ball, location: 2F 0-1: Called Strike 0-2: Ball 1-2: Ball 2-2: Ball 3-2: SINGLE (Line Drive, 78S, EV 100.0 MPH) Michael Pisarkiewicz to second Runner from 2nd tries for 3rd, SAFE, no throw by LF
|
|
Batting: RHB Tony Walker
|
0-0: Ball 1-0: Ball 2-0: Called Strike 2-1: Called Strike 2-2: Ball 3-2: Foul Ball, location: 2F 3-2: Foul Ball, location: 2F 3-2: Base on Balls Gary Fulton to second
|
|
Batting: RHB David Hall
|
0-0: SINGLE (Line Drive, 5D, EV 98.1 MPH) Michael Pisarkiewicz scores Gary Fulton to third Tony Walker to second
|
|
Batting: LHB Ray Cosey
|
0-0: Ball 1-0: Swinging Strike 1-1: SINGLE (Line Drive, 78S, EV 94.4 MPH) Gary Fulton scores
|
| Bottom of the 9th over - 2 runs, 3 hits, 0 errors, 0 left on base; Winter Haven 4 - Dunedin 5 |
|